 Dungeon Crawl Stone Soup version 0.24.0-125-gc4c63601f3 (webtiles) character file.

Game seed: 404208797727953189, levelgen mode: deterministic

50 shakethe the Skirmisher (level 3, -3/29 HPs)
             Began as a Demonspawn Fighter on Mar 17, 2020.
             Killed by divine providence
             ... invoked by an orc priest
              (10 damage)
             ... on level 2 of the Dungeon.
             The game lasted 00:02:30 (1137 turns).

shakethe the Skirmisher (Demonspawn Fighter)        Turns: 1137, Time: 00:02:31

Health: -3/29      AC:  7    Str: 16    XL:     3   Next: 55%
Magic:  3/3        EV:  7    Int: 10    God:
Gold:   86         SH: 13    Dex: 12    Spells: 2/2 levels left

rFire    . . .     SeeInvis .   a - +0 rapier
rCold    . . .     Gourm    .   c - +0 shield
rNeg     . . .     Faith    .   b - +0 scale mail
rPois    +         Spirit   .   (no helmet)
rElec    .         Reflect  +   u - +0 cloak
rCorr    .         Harm     .   (no gloves)
MR       .....                  (no boots)
Stlth    ..........             s - +4 amulet of reflection
HPRegen  0.09/turn              r - ring of poison resistance
MPRegen  0.08/turn              (no ring)

@: no status effects
A: hooves 1, spiny 1
a: no special abilities


You were on level 2 of the Dungeon.
You were hungry.

You visited 1 branch of the dungeon, and saw 2 of its levels.

You collected 86 gold pieces.

Inventory:

Hand Weapons
 a - a +0 rapier (weapon)
Missiles
 m - 30 poisoned darts (quivered)
Armour
 b - a +0 scale mail (worn)
 c - a +0 shield (worn)
 u - a +0 cloak (worn)
Jewellery
 r - a ring of poison resistance (left hand)
 s - a +4 amulet of reflection (around neck)
Scrolls
 e - 5 scrolls of identify {unknown}
 i - 2 scrolls of fear {unknown}
 j - 2 scrolls of magic mapping {unknown}
 k - a scroll of enchant weapon {unknown}
Potions
 d - a potion of might
 g - 2 potions of flight {unknown}
 h - a potion of agility {unknown}
 l - a potion of ambrosia {unknown}
 n - a potion of lignification {unknown}
 o - 2 potions of brilliance {unknown}
 p - a potion of resistance {unknown}
 q - a potion of cancellation {unknown}
 t - 2 potions of curing {unknown}
Comestibles
 f - a ration


   Skills:
 + Level 3.3 Fighting
 + Level 2.1 Short Blades
 + Level 3.1 Armour
 + Level 0.6 Dodging
 + Level 0.1 Stealth
 + Level 3.2 Shields


You had 2 spell levels left.
You didn't know any spells.
Your spell library was empty.

Dungeon Overview and Level Annotations

Branches:
Dungeon (2/15)

Altars:


Innate Abilities, Weirdness & Mutations

You have large cloven feet.
You are partially covered in sharp spines.


Message History

A puff of flame appears from out of thin air!
The puff of flame hits you. You block the orc's attack.
The orc priest calls upon Beogh to heal the orc.
The orc's wounds heal themselves!
You block the orc's attack.
You hear some strange, mumbled words.
A puff of frost appears from out of thin air!
The puff of frost reflects off an invisible shield around you!
The puff of frost hits something.
The orc barely misses you.
Unknown command.
You miss something. Something hits you. You block the orc's attack.
The orc is struck by your spines. The orc hits you with a +0 short sword.
The orc priest mumbles some strange prayers to Beogh against you.
Beogh smites you!
* * * LOW HITPOINT WARNING * * *
Something hits you but does no damage.
The orc priest calls upon Beogh to heal the orc.
The orc's wounds heal themselves!
The orc priest invokes the aid of Beogh against you.
Beogh smites you!
You die...

#.# #.# ##'##
##...## ########.
##.....## #........
##.......###.##.##
#.........##.#...##.
+...>.....'.........
#......o@.##.#...###
##.....o.###.##..###
##.....## #.[......
##o..## #####.###
##'## # #.# #.# #.#
.........#


You could see an orc priest and 2 orcs.

Vanquished Creatures
  2 adders (D:2)
  2 leopard geckos
  A giant cockroach (D:1)
  4 goblins (D:1)
  2 hobgoblins
  4 jackals (D:2)
  A quokka (D:2)
  3 bats (D:1)
  2 frilled lizards
  4 kobolds (D:1)
  4 rats
29 creatures vanquished.

Notes
Turn   | Place    | Note
-------+----------+-------------------------------------------
     0 | D:1      | shakethe the Demonspawn Fighter began the quest for the
                  | Orb.
     0 | D:1      | Reached XP level 1. HP: 18/18 MP: 1/1
   105 | D:1      | Gained mutation: You have large cloven feet. [demonic
                  | ancestry]
   105 | D:1      | Reached XP level 2. HP: 10/24 MP: 2/2
   911 | D:2      | Gained mutation: You are partially covered in sharp spines.
                  | [demonic ancestry]
   911 | D:2      | Reached XP level 3. HP: 23/29 MP: 3/3
  1137 | D:2      | Killed from afar by an orc priest

Levels and vault maps discovered:
D:1:      lemuel_arrival_room, layout_basic, grunt_decor_fettered
D:2:      layout_loops_corners, chequers_serial_rivers_micro_a,
          grunt_qazlal_clouds

Skill      XL: |  1  2 |
---------------+-------+-----
Armour         | 3 |  3.1
Short Blades   | 2 |  2.1
Shields        | 3 |  3.2
Fighting       | |  3.3
Dodging        | |  0.6
Stealth        | |  0.1

Action                   || total
-------------------------++-------
Melee: Rapier            ||   119
       Kick              ||    18
Armor: Scale mail        ||    81
Dodge: Dodged            ||    40
Block: Shield            ||    83
       Reflection        ||     1
